 Dungeon Crawl Stone Soup version 0.28.0-53-g5a82cb258f (webtiles) character file.

Game seed: 17839927753936501402

46 Ashen the Chiller (level 3, -5/52 HPs)
             Began as an Ogre Ice Elementalist on June 20, 2022.
             Slain by Crazy Yiuf
             ... wielding a +4 quarterstaff of chaos
              (15 damage)
             ... on level 1 of the Dungeon.
             The game lasted 00:03:46 (2306 turns).

Ashen the Chiller (Ogre Ice Elementalist)           Turns: 2306, Time: 00:03:47

Health: -5/52      AC:  3    Str: 12    XL:     3   Next: 66%
Magic:  7/7        EV: 10    Int: 18    God:
Gold:   83         SH:  0    Dex:  9    Spells: 6/7 levels left

rFire   . . .      SeeInvis .   b - +1 mace (venom)
rCold   . . .      Faith    .   (no shield)
rNeg    . . .      Spirit   .   a - +0 robe
rPois   .          Reflect  .   (helmet restricted)
rElec   .          Harm     .   (no cloak)
rCorr   .          Rampage  .   (gloves unavailable)
Will    .....                   (boots unavailable)
Stlth   ..........              (no amulet)
HPRegen 0.17/turn               (no ring)
MPRegen 0.10/turn               (no ring)

@: berserking, very quick
A: large, unfitting armour, tough skin 1
a: no special abilities


You were on level 1 of the Dungeon.
You visited 1 branch of the dungeon, and saw 2 of its levels.

You collected 83 gold pieces.

Inventory:

Hand Weapons
 b - a +1 mace of venom (weapon)
Missiles
 e - a throwing net
Armour
 a - a +0 robe (worn)
Scrolls
 i - a scroll of teleportation
Potions
 c - 2 potions of brilliance {unknown}
 d - 2 potions of resistance {unknown}
 f - a potion of magic {unknown}
 g - a potion of haste {unknown}
 h - a potion of heal wounds {unknown}


   Skills:
 + Level 1.7 Fighting
 + Level 2.2 Dodging
 + Level 1.8 Stealth
 + Level 2.9 Spellcasting
 + Level 3.9 Ice Magic


You had 6 spell levels left.
You knew the following spells:

 Your Spells              Type           Power      Damage    Failure   Level
a - Freeze                Ice            64%        1d8       3%          1

Your spell library contained the following spells:

 Spells                   Type           Power      Damage    Failure   Level
 Frozen Ramparts          Ice            32%        1d5       10%         3
 Ozocubu's Armour         Ice            16%        N/A       10%         3
 Hailstorm                Conj/Ice       9%         3d4       58%         4


Dungeon Overview and Level Annotations

Branches:
Dungeon (2/15)

Altars:

Shops:
D:1 (   D:2 (

Annotations:
D:1 Crazy Yiuf
D:2 Sigmund


Innate Abilities, Weirdness & Mutations

You are too large for most types of armour.
You have tough skin. (AC +1)


Message History

You kill the rat!
Magic restored.
HP restored.
You now have 76 gold pieces (gained 13).
You now have 83 gold pieces (gained 7).
c - 2 puce potions
g - a blue potion
i - a scroll of teleportation
Found a ring mail.
Sigmund and a goblin come into view.
Found a +0 robe.
Found a stone staircase leading down.
Sigmund shouts!
Okay, then.
The goblin shouts!
Crazy Yiuf cries, "Rot!"
There is a stone staircase leading up here.
Sigmund points at you and mumbles some strange words.
The magic dart hits you.
Sigmund mumbles some strange words.
Sigmund flickers and vanishes!
Deactivating autopickup; reactivate with Ctrl-A.
Crazy Yiuf hits you with a +4 quarterstaff of chaos!
A red film seems to cover your vision as you go berserk!
You feel yourself moving faster!
You feel mighty! The goblin closely misses you. Something hits you!
You climb upwards.
Reactivating autopickup.
There is a stone staircase leading down here.
You hit Crazy Yiuf.
Crazy Yiuf is poisoned.
Crazy Yiuf is lightly wounded.
The goblin barely misses you.
Crazy Yiuf hits you with a +4 quarterstaff of chaos!
* * * LOW HITPOINT WARNING * * *
Crazy Yiuf freezes you.
* * * LOW HITPOINT WARNING * * *
You barely miss Crazy Yiuf.
Crazy Yiuf is lightly wounded.
The goblin barely misses you.
Crazy Yiuf hits you with a +4 quarterstaff of chaos!
You die...

#### #####
...#####...#
##.....#...#########
..(....'...'....@g.#
##.....#...####..g.#
#.#####...####....#
#.# #...##.'..[.#
##.# ######.#....#
##.##########.#....#
##.##.......#.#....#
#..##.......#.######
#.###.......#'##


You could see Crazy Yiuf (very poisoned) and a goblin.

Vanquished Creatures
  An adder (D:2)
  2 dart slugs (D:2)
  2 ball pythons (D:2)
  A bat (D:1)
  5 endoplasms
  2 giant cockroaches (D:1)
  A goblin (D:1)
  2 hobgoblins
  2 kobolds (D:1)
  4 quokkas (D:1)
  3 frilled lizards
  5 rats
30 creatures vanquished.

Notes
Turn   | Place    | Note
-------+----------+-------------------------------------------
     0 | D:1      | Ashen the Ogre Ice Elementalist began the quest for the
                  | Orb.
     0 | D:1      | Reached XP level 1. HP: 16/16 MP: 3/3
   460 | D:1      | Reached XP level 2. HP: 21/26 MP: 2/5
   801 | D:1      | Found Aguif's Antique Weapon Emporium.
   959 | D:1      | Reached skill level 1 in Fighting
  1288 | D:2      | Found Luotuuj's Weapon Shoppe.
  1423 | D:2      | Noticed Sigmund
  1491 | D:2      | Reached XP level 3. HP: 25/33 MP: 0/7
  1900 | D:2      | Found a runed translucent door.
  1901 | D:2      | Noticed Crazy Yiuf
  1923 | D:2      | HP: 1/35 [Crazy Yiuf/+4 quarterstaff of chaos (10)]
  2306 | D:1      | Slain by Crazy Yiuf

Illustrated notes

Levels and vault maps discovered:
D:1:      onia_arrival_mini_spirals, layout_basic, serial_shops,
          nicolae_lakefront_shop, chequers_serial_rivers_room_b
D:2:      layout_rooms, serial_shops, shop, uniq_sigmund,
          uniq_crazy_yiuf_cottage

Skill      XL: |  1  2 |
---------------+-------+-----
Dodging        | 2 |  2.2
Fighting       | 1 |  1.7
Stealth        | |  1.8
Spellcasting   | |  2.9
Ice Magic      | |  3.9

Action                   || total
-------------------------++-------
Melee: Unarmed           ||    32
       Whip              ||    13
       Mace              ||     4
 Cast: Freeze            ||    45
  Use: Scroll            ||     2
Armor: Robe              ||    21
Dodge: Dodged            ||    42
